 Dungeon Crawl Stone Soup version 0.20-b1-24-gb21faa7 (webtiles) character file.

452 Gorglomux the Chopper (level 6, 0/56 HPs)
             Began as a Minotaur Fighter on May 25, 2017.
             Was a Follower of Uskayaw.
             Killed from afar by Ijyb (20 damage)
             ... with a wand of lightning (?/15)
             ... on level 4 of the Dungeon.
             The game lasted 00:03:46 (2311 turns).

Gorglomux the Chopper (Minotaur Fighter)            Turns: 2311, Time: 00:03:47

Health: 0/56       AC:  6    Str: 21    XL:     6   Next: 75%
Magic:  4/7        EV:  7    Int:  5    God:    Uskayaw [*.....]
Gold:   190        SH:  9    Dex: 11    Spells: 5/5 levels left

rFire    . . .     SeeInvis .   a - +0 war axe
rCold    . . .     Gourm    .   c - +0 shield
rNeg     . . .     Faith    .   b - +0 scale mail
rPois    .         Spirit   .   (helmet restricted)
rElec    .         Reflect  .   (no cloak)
rCorr    .         Harm     .   (no gloves)
MR       .....                  (no boots)
Stlth    ..........             (no amulet)
Regen    0.2/turn               (no ring)
MPRegen  0.1/turn               (no ring)

@: no status effects
A: retaliatory headbutt, horns 2
a: Stomp, Renounce Religion


You were on level 4 of the Dungeon.
You worshipped Uskayaw.
Uskayaw was noncommittal.
You were not hungry.

You visited 1 branch of the dungeon, and saw 4 of its levels.

You collected 190 gold pieces.

Inventory:

Hand Weapons
 a - a +0 war axe (weapon)
Missiles
 g - 2 throwing nets {=f, !d}
Armour
 b - a +0 scale mail (worn)
 c - a +0 shield (worn)
 i - a +0 pair of boots
   (You found it on level 2 of the Dungeon)
Scrolls
 e - a scroll of noise {unknown}
 h - 3 scrolls of teleportation {unknown}
 j - 2 scrolls of remove curse
 m - a scroll of recharging {unknown}
 p - 2 scrolls of magic mapping {unknown}
 s - 3 scrolls of identify {unknown}
 x - a scroll of immolation {unknown}
Potions
 d - a potion of might
 l - 2 potions of curing {unknown}
 n - a potion of haste {unknown}
 r - 2 potions of brilliance {unknown}
 t - a potion of heal wounds {unknown}
 u - a potion of lignification {unknown}
 v - a potion of agility {unknown}
Comestibles
 f - 4 bread rations {@e1}
 k - 2 meat rations {@e2}
 o - 2 fruits
 q - 2 royal jellies


   Skills:
 + Level 5.4 Fighting
 * Level 6.8 Axes
 - Level 3.6 Armour
 - Level 3.6 Shields
 * Level 2.8 Invocations


You had 5 spell levels left.
You didn't know any spells.

Dungeon Overview and Level Annotations

Branches:
Dungeon (4/15)
 Temple: D:4-7

Altars:
Uskayaw
Yredelemnul

Annotations:
D:2 1 runed door
D:4 1 runed door, Ijyb


Innate Abilities, Weirdness & Mutations

You reflexively headbutt those who attack you in melee.
You have a pair of horns on your head.


Message History

You see here 2 chunks of flesh {@w0}.
A phantom is nearby!
The phantom blinks!
No target in view!
No target in view!
No target in view!
w - 2 chunks of flesh {@w0} Uskayaw will no longer force your foes to helplessly watch your dance.
A phantom is nearby!
The phantom hits you but does no damage.
You hit the phantom but do no damage. The phantom barely misses you.
You furiously retaliate!
You headbutt the phantom, but do no damage.
You slash the phantom!
You destroy the phantom!
No target in view!
No target in view!
You can no longer pass through a line of other dancers.
A kobold skeleton comes into view.
You can't go up here!
Found a basalt altar of Yredelemnul.
You block the kobold skeleton's attack.
Your shield and scale mail prevent you from hitting the kobold skeleton.
You headbutt the kobold skeleton. The kobold skeleton closely misses you.
You furiously retaliate!
You headbutt the kobold skeleton.
You destroy the kobold skeleton!
No target in view!
No target in view!
There is a stone staircase leading up here.
You climb upwards.
There is a stone staircase leading down here.
You climb downwards.
Level annotation: 1 runed door
There is a stone staircase leading up here.
Found a stone staircase leading up.
An adder comes into view.
An adder is nearby!
An adder is nearby!
An adder is nearby!
An adder is nearby!
The adder hisses angrily.
The adder bites you but does no damage.
You miss the adder. You block the adder's attack.
You hit the adder. You block the adder's attack. The adder closely misses you.
You slash the adder!
You kill the adder!
No target in view!
Unknown command.
No target in view!
No target in view!
You now have 178 gold pieces (gained 11).
Found an escape hatch in the floor.
You see here a dagger.
You now have 190 gold pieces (gained 12).
q - 2 royal jellies (gained 1) Eating one of 2 chunks of flesh {@w0}.
You eat one of the 2 chunks of flesh {@w0}.
x - a scroll labeled JETWAH OVAI Unknown command.
All of the chunks of flesh in your inventory have rotted away.
You found a teleport trap!
An orc comes into view. It is wielding a trident.
The orc shouts!
Unknown command.
An orc is nearby!
Unknown command.
An orc is nearby!
An orc is nearby!
An orc is nearby!
You block the orc's attack.
Ijyb the Twisted Goblin comes into view.
Unknown command.
You slash the orc!
You kill the orc!
You closely miss Ijyb.
Ijyb zaps a wand.
The bolt of lightning misses you.
It is a wand of lightning (?/15).
You hit Ijyb but do no damage.
Ijyb zaps a wand.
The bolt of lightning hits you!
You slash Ijyb! You block Ijyb's attack. Ijyb barely misses you.
Unknown command.
You hit Ijyb but do no damage. Ijyb screams, "I no like you!"
Ijyb barely misses you. You furiously retaliate!
You headbutt Ijyb, but do no damage.
Unknown command.
You barely miss Ijyb.
Ijyb zaps a wand.
The bolt of lightning hits you!
You stomp with the beat, sending a shockwave through the revelers around you!
You feel somewhat more hungry.
You can no longer stomp with the beat.
Ijyb hits you.
You can now stomp with the beat.
You closely miss Ijyb. Ijyb hits you but does no damage.
You hit Ijyb but do no damage.
Ijyb zaps a wand.
The bolt of lightning hits you!
You die...

#....... ##....)..
#........ ##........
#.........
########.........
########....##..........
........)...............
......g@.............<..
.?......................
........................
........................
...#####..........^.....
.. ##............... .
#....######..... ....#
#..... .. #.....


You could see Ijyb.

Vanquished Creatures
  Menkaure (D:4)
  A phantom (D:4)
  A scorpion (D:4)
  A worker ant (D:4)
  4 gnolls (D:4)
  7 adders
  An ooze (D:1)
  3 worms
  A dart slug (D:3)
  5 orcs
  A ball python (D:3)
  9 bats
  4 goblins
  9 hobgoblins
  A jackal (D:2)
  A quokka (D:3)
  2 frilled lizards
  4 kobolds
  A kobold skeleton (D:4)
  8 rats
65 creatures vanquished.

Notes
Turn   | Place    | Note
-------+----------+-------------------------------------------
     0 | D:1      | Gorglomux the Minotaur Fighter began the quest for the Orb.
     0 | D:1      | Reached XP level 1. HP: 19/19 MP: 0/0
    37 | D:1      | Reached skill level 3 in Axes
   100 | D:1      | Reached XP level 2. HP: 24/27 MP: 1/1
   398 | D:2      | Reached skill level 4 in Axes
   398 | D:2      | Reached XP level 3. HP: 23/33 MP: 2/2
   818 | D:2      | Found a runed door.
   845 | D:3      | Found a hide-covered altar of Uskayaw.
   865 | D:3      | Became a worshipper of Uskayaw the Reveler
   901 | D:3      | Reached * piety under Uskayaw
   904 | D:3      | Reached skill level 4 in Fighting
   904 | D:3      | Reached ** piety under Uskayaw
   945 | D:3      | Reached XP level 4. HP: 30/40 MP: 3/3
  1130 | D:3      | Reached skill level 5 in Axes
  1810 | D:4      | Reached skill level 1 in Invocations
  1810 | D:4      | Reached XP level 5. HP: 33/47 MP: 4/4
  1811 | D:4      | Upgraded the game from 0.20-b1-18-gaa2fd62 to 0.20-b1-24-gb21faa7
  1811 | D:4      | Reached *** piety under Uskayaw
  1812 | D:4      | Reached **** piety under Uskayaw
  1814 | D:4      | Reached skill level 6 in Axes
  2021 | D:4      | Found a runed door.
  2021 | D:4      | Noticed a human
  2021 | D:4      | Noticed Menkaure
  2028 | D:4      | Killed Menkaure
  2028 | D:4      | Reached skill level 5 in Fighting
  2028 | D:4      | Reached skill level 2 in Invocations
  2028 | D:4      | Reached XP level 6. HP: 50/56 MP: 6/6
  2065 | D:4      | Found a basalt altar of Yredelemnul.
  2301 | D:4      | Noticed Ijyb
  2311 | D:4      | Killed from afar by Ijyb

Skill      XL: |  1  2  3  4  5 |
---------------+----------------+-----
Axes           | 3 4 5 6 |  6.8
Fighting       | 4 5 |  5.4
Invocations    | 1 2 |  2.8
Armour         | |  3.6
Shields        | |  3.6

Action                   |  1- 3 |  4- 6 || total
-------------------------+-------+-------++-------
Melee: War axe           |    70 |    88 ||   158
       Headbutt          |    12 |    14 ||    26
Invok: Stomp             |       |     1 ||     1
  Use: Scroll            |       |     1 ||     1
 Stab: Paralysed         |       |     3 ||     3
  Eat: Chunk             |       |     5 ||     5
Armor: Scale mail        |    22 |    34 ||    56
Dodge: Dodged            |    20 |    24 ||    44
Block: Shield            |    43 |    39 ||    82

Vault maps used:
D:1:      minmay_arrival_doors
D:2:      minivault_27, minmay_randomly_rotated_circles, uniq_crazy_yiuf_cottage
D:3:      eat_drink_and_be_merry_uskayaw
D:4:      dk_yredelemnul_ordeal, uniq_ijyb, uniq_menkaure

Table legend:
 A = Turns spent in this place as a percentage of turns spent in the entire game.
 B = Non-inter-level travel turns spent in this place as a percentage of non-inter-level travel turns spent in the entire game.
 C = Inter-level travel turns spent in this place as a percentage of turns spent in this place.
 D = Turns resting spent in this place as a percentage of non-inter-level travel turns spent in this place.
 E = Turns spent auto-exploring this place as a percentage of non-inter-level travel turns spent in this place.
 F = Non-inter-level travel turns spent in this place divided by the number of levels of this place that you've seen.
                   A       B       C       D       E      F
               +-------+-------+-------+-------+-------+----------------------
         Total | 100.0 | 100.0 |   0.5 |   0.2 |  10.5 | 212.5
       Dungeon | 100.0 | 100.0 |   0.5 |   0.2 |  10.5 | 212.5
               +-------+-------+-------+-------+-------+----------------------

Table legend:
 A = Kills in this place as a percentage of kills in entire the game.
 B = Kills by you in this place as a percentage of kills by you in the entire game.
 C = Kills by friends in this place as a percentage of kills by friends in the entire game.
 D = Other kills in this place as a percentage of other kills in the entire game.
 E = Experience gained in this place as a percentage of experience gained in the entire game.
 F = Experience gained in this place divided by the number of levels of this place that you have seen.
                   A       B       C       D       E      F
               +-------+-------+-------+-------+-------+----------------------
         Total | 100.0 | 100.0 |  -nan |  -nan | 100.0 | 161.8
       Dungeon | 100.0 | 100.0 |  -nan |  -nan | 100.0 | 161.8
               +-------+-------+-------+-------+-------+----------------------
